 Dungeon Crawl Stone Soup version 0.29-a0-284-gf9362112df (webtiles) character file.

Game seed: 9672031053494555347

783 soylentgreeen202 the Basher (level 7, 0/41 HPs)
             Began as a Gargoyle Monk on Mar 29, 2022.
             Was a Believer of Okawaru.
             Slain by an ogre
             ... wielding a +0 giant club
              (18 damage)
             ... on level 5 of the Dungeon.
             The game lasted 00:38:18 (8407 turns).

soylentgreeen202 the Basher (Gargoyle Monk)         Turns: 8407, Time: 00:38:18

Health: 0/41       AC: 14    Str: 16    XL:     7   Next: 86%
Magic:  16/16      EV: 10    Int: 11    God:    Okawaru [**....]
Gold:   1117       SH:  0    Dex: 12    Spells: 6/6 levels left

rFire   . . .      SeeInvis .   a - +0 mace
rCold   . . .      Faith    .   (no shield)
rNeg    + . .      Spirit   .   p - +0 scale mail
rPois   ∞          Reflect  .   u - +1 helmet
rElec   +          Harm     .   v - scarf {repulsion}
rCorr   .          Rampage  .   o - +0 pair of gloves
Will    .....                   (no boots)
Stlth   +.........              (no amulet)
HPRegen 0.13/turn               g - ring of magical power
MPRegen 0.15/turn               (no ring)

@: repel missiles
A: sickness immunity, AC +4, negative energy resistance 1, electricity
resistance, torment resistance 1, petrification resistance
a: Renounce Religion, Heroism


You were on level 5 of the Dungeon.
You worshipped Okawaru.
Okawaru was pleased with you.
You visited 1 branch of the dungeon, and saw 5 of its levels.
You also visited: Sewer.

You collected 1117 gold pieces.

Inventory:

Hand Weapons
 a - a +0 mace (weapon)
Missiles
 l - 140 stones
 s - 22 poisoned darts (quivered)
Armour
 e - a +0 chain mail
 o - a +0 pair of gloves (worn)
 p - a +0 scale mail (worn)
 u - a +1 helmet (worn)
 v - a scarf of repulsion (worn)
Magical Staves
 x - a staff of poison
Jewellery
 g - a ring of magical power (left hand)
 r - a ring of positive energy
 y - a ring of protection from fire
Wands
 t - a wand of flame (37)
Scrolls
 h - a scroll of identify
 n - 3 scrolls of teleportation
Potions
 c - a potion of ambrosia
 d - 2 potions of haste
 i - a potion of heal wounds
 j - a potion of cancellation
 k - 2 potions of curing {unknown}
 m - a potion of berserk rage {unknown}
 q - a potion of flight {unknown}
 w - a potion of brilliance {unknown}


   Skills:
 - Level 3.2 Fighting
 * Level 8.5 Maces & Flails
 + Level 3.1 Armour
 - Level 2.4 Dodging
 - Level 2.1 Stealth


You had 6 spell levels left.
You didn't know any spells.
Your spell library contained the following spells:

 Spells                   Type           Power      Damage    Failure   Level
 Beastly Appendage        Tmut           0%         N/A       77%         1
 Sandblast                Erth           0%         2d4       77%         1
 Wereblood                Tmut           0%         N/A       88%         2
 Gell's Gravitas          Tloc           0%         N/A       98%         3
 Ignite Poison            Fire/Tmut/Pois 0%         N/A       98%         3
 Lesser Beckoning         Tloc           0%         N/A       98%         3
 Mephitic Cloud           Conj/Pois/Air  0%         N/A       98%         3
 Spider Form              Tmut/Pois      0%         N/A       98%         3
 Teleport Other           Tloc           0%         N/A       98%         3
 Leda's Liquefaction      Hex/Erth       0%         N/A       100%        4
 Alistair's Intoxication  Tmut/Pois      0%         N/A       100%        5
 Freezing Cloud           Conj/Ice/Air   0%         6-21      100%        5


Dungeon Overview and Level Annotations

Branches:
Dungeon (5/15)              Sewer (visited)
 Temple: D:4-7

Altars:
Okawaru
Xom

Shops:
D:5 ?[:

Annotations:
D:4 exclusion: downstairs
D:5 Duvessa


Innate Abilities, Weirdness & Mutations

You are immune to sickness and miasma.
Your stone body is resilient. (AC +4)
You are immune to poison.
You resist negative energy. (rN+)
You are resistant to electric shocks. (rElec)
You are resistant to unholy torment.
You are immune to petrification.


Message History

a +0 robe; a +0 dagger
There is a stone staircase leading down here.
You climb downwards.
Duvessa says, "My weaknesses are his strengths!"
Found an escape hatch in the floor.
There is a stone staircase leading up here.
You climb upwards.
There is a stone staircase leading down here.
Press: ? - help, v - describe, . - travel A stone staircase leading down.
Placed new exclusion.
Reduced exclusion size to a single square.
There is a stone staircase leading down here.
You climb downwards.
Level annotation: Duvessa
Found 21 stones and a rapier.
There is a stone staircase leading up here.
Found 6 gold pieces.
You now have 1110 gold pieces (gained 6).
l - 140 stones (gained 21)
Found 7 gold pieces.
You now have 1117 gold pieces (gained 7).
An ogre comes into view. It is wielding a +0 giant club.
The ogre shouts!
An ogre is nearby!
You fail to use your ability.
Throw: 23 darts (poison)
Press: ? - help, Q - select action, (/) - cycle Shift-Dir - straight line, f - ogre
Aim: an ogre, wielding a +0 giant club (73% to hit)
You throw a poisoned dart. The poisoned dart hits the ogre.
You sock the ogre!
The ogre is heavily wounded.
The ogre hits you with a +0 giant club!!
Ouch! That really hurt!
You hit the ogre.
The ogre is heavily wounded.
You hit the ogre.
The ogre is severely wounded.
The ogre hits you with a +0 giant club!!
You die...

######..##.........#
.......#####.#####.
###.......##.####
###..#...<......# #
.......##.##.##.##.#
###..####).......#.
###..####..#.....(.
...........####.O###
##########.##...@#
#.##.##.# #.##.##.#
#.......# ####.####
#.# #.# #.# #.#


You could see an ogre.

Vanquished Creatures
  An ogre (D:4)
  3 bullfrogs
  2 orc priests
  2 hounds (D:4)
  A jelly (D:5)
  An orc wizard (D:4)
  Robin (D:3)
  13 adders
  5 gnolls
  3 worms
  A dart slug (D:3)
  7 orcs
  10 ball pythons
  5 endoplasms
  13 giant cockroaches
  19 goblins
  9 hobgoblins
  12 jackals
  5 quokkas
  5 bats
  8 frilled lizards
  7 kobolds
  10 rats
143 creatures vanquished.

Notes
Turn   | Place    | Note
-------+----------+-------------------------------------------
     0 | D:1      | soylentgreeen202 the Gargoyle Monk began the quest for the
                  | Orb.
     0 | D:1      | Reached XP level 1. HP: 14/14 MP: 1/1
   446 | D:1      | Reached XP level 2. HP: 19/19 MP: 2/2
   802 | D:1      | Found a faded altar of an unknown god.
   813 | D:1      | Prayed at the altar of an unknown god.
   813 | D:1      | Became a worshipper of Warmaster Okawaru
   813 | D:1      | Reached * piety under Okawaru
   813 | D:1      | Reached ** piety under Okawaru
  1402 | D:2      | Reached skill level 4 in Maces & Flails
  1402 | D:2      | Reached XP level 3. HP: 23/23 MP: 3/3
  1405 | D:2      | Found a shimmering altar of Xom.
  1433 | D:2      | Reached skill level 1 in Armour
  1919 | D:2      | Got the Reference Book on Earthen Poison
  1980 | D:2      | Reached XP level 4. HP: 7/28 MP: 4/4
  2883 | D:2      | Reached XP level 5. HP: 18/32 MP: 5/5
  3472 | D:3      | Identified a scroll of acquirement
  3472 | D:3      | Acquired 854 gold pieces
  3515 | D:3      | Reached skill level 5 in Maces & Flails
  3524 | D:3      | Noticed Robin
  3629 | D:3      | Killed Robin
  3718 | D:3      | Found a glowing drain.
  3734 | Sewer    | Entered a sewer
  4189 | Sewer    | Reached XP level 6. HP: 35/37 MP: 6/6
  4325 | Sewer    | Reached skill level 6 in Maces & Flails
  5558 | D:4      | HP: 1/37 [orc priest/nerve-wracking pain (3)]
  5873 | D:3      | Reached skill level 7 in Maces & Flails
  5873 | D:3      | Reached XP level 7. HP: 41/41 MP: 7/7
  7157 | D:4      | Reached skill level 8 in Maces & Flails
  7627 | D:5      | Entered Level 5 of the Dungeon
  7627 | D:5      | Found Bilizy's Book Shoppe.
  7636 | D:5      | Found Kuxyronu's Distillery.
  7846 | D:5      | Found Wischicot's Magic Scroll Shoppe.
  7847 | D:5      | Found Yjos's Antique Armour Shoppe.
  8304 | D:5      | Noticed Duvessa
  8407 | D:5      | Slain by an ogre

Illustrated notes

Levels and vault maps discovered:
D:1:      zaba_arrival_water, layout_basic, ebering_ecumenical_altar_mist,
          minmay_misc_feat_rows, minivault_14, chequers_decorated_corner,
          supply_closet_lemuel
D:2:      layout_basic, basic_altar, minmay_randomly_rotated_circles
D:3:      layout_rooms, gup_sewer_entry_bubbles, minmay_unequal, uniq_robin
D:4:      minmay_clustersquares, layout_basic
D:5:      layout_loops_cross, serial_park_tiny_pond, minivault_25,
          minmay_misc_feat_chi, minmay_shop_grid_forest, uniq_duvessa

Skill      XL: |  1  2  3  4  5  6  7 |
---------------+----------------------+-----
Maces & Flails | 4 5 7 8 |  8.5
Armour         | 2 3 |  3.1
Fighting       | |  3.2
Dodging        | |  2.4
Stealth        | |  2.1

Action                   |  1- 3 |  4- 6 |  7- 9 || total
-------------------------+-------+-------+-------++-------
Melee: Mace              |   104 |   317 |   140 ||   561
       Punch             |     1 |     3 |     2 ||     6
Throw: Stone             |       |    10 |       ||    10
       Dart              |       |       |     8 ||     8
Invok: Heroism           |     4 |    21 |     5 ||    30
  Use: Scroll            |       |     7 |     2 ||     9
 Stab: Sleeping          |     1 |     1 |     2 ||     4
Armor: Robe              |     5 |       |       ||     5
       Ring mail         |    35 |   193 |    53 ||   281
       Scale mail        |       |       |     6 ||     6
Dodge: Dodged            |    76 |   328 |    81 ||   485

Table legend: (Time is in decaauts)
 A = Elapsed time spent in this place.
 B = Non-inter-level travel time spent in this place.
 C = Inter-level travel time spent in this place.
 D = Time resting spent in this place.
 E = Time spent auto-exploring this place.
 F = Levels seen in this place.
 G = Mean time per level.
                   A        B        C        D        E       F      G
               +--------+--------+--------+--------+--------+-----+--------+
         Total |   8610 |   8112 |    498 |   3436 |   1866 |   6 | 1435.0 |
       Dungeon |   7498 |   7000 |    498 |   2971 |   1686 |   5 | 1499.6 |
         Sewer |   1111 |   1111 |      0 |    465 |    180 |   1 | 1111.0 |
               +--------+--------+--------+--------+--------+-----+--------+

Top non-repeatable levels by time:
     D:2: 2206 daAuts
     D:4: 1923 daAuts
     D:1: 1805 daAuts
   Sewer: 1111 daAuts
     D:3: 1014 daAuts
     D:5: 549 daAuts
